 Dungeon Crawl Stone Soup version 0.31-a0-536-ga3e2962e35 (webtiles) character file.

Game seed: 8876754770973238759

60 Ethylacetat the Slasher (level 4, -4/30 HPs)
             Began as an Octopode Gladiator on Aug 13, 2023.
             Slain by a gnoll
             ... wielding a +0 spear
              (6 damage)
             ... on level 2 of the Dungeon.
             The game lasted 00:01:04 (1215 turns).

Ethylacetat the Slasher (Octopode Gladiator)        Turns: 1215, Time: 00:01:05

Health: -4/30      AC:  1    Str: 13    XL:     4   Next: 6%
Magic:  4/4        EV: 14    Int: 10    God:
Gold:   55         SH:  0    Dex: 15    Spells: 3/3 levels left

rFire   . . .        a - +0 long sword
rCold   . . .        (no shield)
rNeg    . . .        b - +0 hat
rPois   .            (no amulet)
rElec   .            (no ring)
rCorr   .            (no ring)
SInv    .            (no ring)
Will    .....        (no ring)
Stlth   +++          (no ring)
HPRegen 0.25/turn    (no ring)
MPRegen 0.09/turn    (no ring)
                     (no ring)

%: no passive effects
@: no status effects
A: almost no armour, amphibious, 8 rings, camouflage 1, gelatinous body 1,
(nimble swimmer 1), tentacles
a: no special abilities


You were on level 2 of the Dungeon.
You visited 1 branch of the dungeon, and saw 2 of its levels.

You collected 55 gold pieces.

Inventory:

Hand Weapons
 a - a +0 long sword (weapon)
Missiles
 c - 3 throwing nets (quivered)
 d - a javelin
Armour
 b - a +0 hat (worn)
Wands
 l - a wand of charming (3)
Scrolls
 f - 4 scrolls of identify {unknown}
 h - a scroll of enchant armour {unknown}
 i - a scroll of teleportation {unknown}
 j - a scroll of brand weapon {unknown}
 k - a scroll of noise {unknown}
 n - a scroll of torment {unknown}
 o - a scroll of amnesia {unknown}
Potions
 e - a potion of haste {unknown}
 g - a potion of lignification {unknown}
 m - a potion of ambrosia {unknown}


   Skills:
 + Level 2.6 Fighting
 + Level 3.5 Long Blades
 - Level 2.0 Throwing
 + Level 3.5 Dodging
 + Level 2.4 Stealth


You had 3 spell levels left.
You didn't know any spells.
Your spell library contained the following spells:

 Spells                   Type           Power      Damage    Failure   Level
 Apportation              Tloc           0%         N/A       36%         1
 Necrotise                Necr           0%         1d4       36%         1
 Summon Small Mammal      Summ           0%         N/A       36%         1


Dungeon Overview and Level Annotations

Branches:
Dungeon (2/15)

Altars:
Xom


Innate Abilities, Weirdness & Mutations

You cannot wear most types of armour.
You are amphibious.
You can wear up to eight rings at the same time.
Your skin changes colour to match your surroundings (Stealth+).
Your rubbery body absorbs attacks. (AC +1, EV +1)
((You are camouflaged when in or above water. (Stealth+)))
You have tentacles for arms and can constrict up to eight enemies at once.


Message History

3 gnolls come into view.
You see here a wand of iceblast (12).
There are monsters nearby!
The gnoll shouts! x2
The bat hits you but does no damage. The bat misses you.
There are monsters nearby!
You hit the gnoll. You grab the gnoll.
The gnoll is heavily wounded.
You constrict the gnoll. The bat hits you. The gnoll completely misses you.
The gnoll barely misses you.
There are monsters nearby!
You hit the gnoll. You squeeze the gnoll.
You kill the gnoll!
The bat barely misses you. The gnoll barely misses you.
You have reached level 4!
The bat attacks as you move away! The bat barely misses you.
The bat completely misses you. The bat hits you but does no damage.
The bat barely misses you. The bat completely misses you.
The bat closely misses you. The bat hits you.
You closely miss the bat. Your grab misses the bat. The bat misses you.
The bat hits you.
You barely miss the bat. Your grab misses the bat. Your squeeze misses the bat.
The bat closely misses you. The gnoll closely misses you.
The bat closely misses you. The gnoll closely misses you.
You hit the gnoll. You grab the gnoll.
The gnoll is moderately wounded.
You constrict the gnoll. The bat closely misses you.
The gnoll hits you with a +0 flail! The gnoll hits you with a +0 halberd!
Ouch! That really hurt!
* * * LOW HITPOINT WARNING * * *
The gnoll closely misses you.
You hit the gnoll.
The gnoll is severely wounded.
You constrict the gnoll. The bat hits you but does no damage.
The gnoll closely misses you.
The gnoll hits you from afar with a +0 spear.
You die...

#...)..$#
#######.####
#....## ###....#
#......#########
###..##./.......#
###
##.<...g..g).....#
#..
#...#gg##b.......#
#..
#....b@##........#
#..
#.#.....+...?....#
#..
...#..####........#
#.. ## #..
#........# #.. ...#
#.######## #.. ####
..# #.. ## #.. ###


You could see 3 gnolls and a bat.

Vanquished Creatures
  An adder (D:2)
  A gnoll (D:2)
  A dart slug (D:1)
  4 endoplasms
  2 giant cockroaches (D:2)
  6 goblins
  3 hobgoblins (D:1)
  4 jackals (D:1)
  6 ball pythons
  2 bats (D:1)
  3 kobolds
  2 rats
35 creatures vanquished.

Notes
Turn   | Place    | Note
-------+----------+-------------------------------------------
     0 | D:1      | Ethylacetat the Octopode Gladiator began the quest for the
                  | Orb.
     0 | D:1      | Reached XP level 1. HP: 14/14 MP: 1/1
    73 | D:1      | Reached skill level 1 in Stealth
    73 | D:1      | Reached XP level 2. HP: 19/19 MP: 2/2
   259 | D:1      | Found a faded altar of an unknown god.
   537 | D:1      | Reached XP level 3. HP: 25/25 MP: 3/3
  1094 | D:2      | Found a shimmering altar of Xom.
  1205 | D:2      | Reached XP level 4. HP: 29/30 MP: 4/4
  1215 | D:2      | Slain by a gnoll

Illustrated notes

Levels and vault maps discovered:
D:1:      roderic_crop_circles_arrival_small, layout_loops_ring,
          shapermc_ecumenical_altar_flowoftime, glass_columns_b
D:2:      layout_basic, basic_altar

Skill      XL: |  1  2  3 |
---------------+----------+-----
Stealth        | 1 2 |  2.4
Fighting       | |  2.6
Long Blades    | |  3.5
Throwing       | |  2.0
Dodging        | |  3.5

Action                     |  1- 3 |  4- 6 || total
---------------------------+-------+-------++-------
  Melee: Long sword        |    62 |     4 ||    66
         Constrict         |    14 |     1 ||    15
         Tentacles         |     9 |       ||     9
   Stab: Sleeping          |     8 |       ||     8
 Armour: Skin              |     5 |     2 ||     7
  Dodge: Dodged            |    55 |    13 ||    68

Table legend: (Time is in decaauts)
 A = Elapsed time spent in this place.
 B = Non-inter-level travel time spent in this place.
 C = Inter-level travel time spent in this place.
 D = Time resting spent in this place.
 E = Time spent auto-exploring this place.
 F = Levels seen in this place.
 G = Mean time per level.
                   A        B        C        D        E       F      G
               +--------+--------+--------+--------+--------+-----+--------+
         Total |   1230 |   1214 |     16 |      0 |    983 |   2 |  615.0 |
       Dungeon |   1230 |   1214 |     16 |      0 |    983 |   2 |  615.0 |
               +--------+--------+--------+--------+--------+-----+--------+

Top non-repeatable levels by time:
     D:1: 815 daAuts
     D:2: 414 daAuts
